 Dungeon Crawl Stone Soup version 0.20-a0-972-gb9bd3e6 (webtiles) character file.

128 Gorglomux the Gusty (level 5, -8/28 HPs)
             Began as a Tengu Air Elementalist on Apr 9, 2017.
             Mangled by a worm (11 damage)
             ... on level 3 of the Dungeon.
             The game lasted 00:07:44 (3108 turns).

Gorglomux the Gusty (Tengu Air Elementalist)        Turns: 3108, Time: 00:07:45

Health: -8/28      AC:  2    Str:  9    XL:     5   Next: 11%
Magic:  4/10       EV: 12    Int: 16    God:
Gold:   165        SH:  0    Dex: 14    Spells: 2/10 levels left

rFire    . . .     SeeInvis .   j - +2 whip (elec)
rCold    . . .     Gourm    .   (no shield)
rNeg     . . .     Faith    .   a - +0 robe
rPois    .         Spirit   .   (helmet restricted)
rElec    .         Reflect  .   (no cloak)
rCorr    .         Harm     .   (no gloves)
MR       .....                  (boots unavailable)
Stlth    ++........             (no amulet)
Regen    0.1/turn               (no ring)
MPRegen  0.2/turn               (no ring)

@: no status effects
A: beak, talons 3, able to fly 1
a: Fly


You were on level 3 of the Dungeon.
You were not hungry.

You visited 1 branch of the dungeon, and saw 3 of its levels.

You collected 165 gold pieces.

Inventory:

Hand Weapons
 e - a +0 spear
 j - a +2 whip of electrocution (weapon)
Armour
 a - a +0 robe (worn)
Wands
 S - a wand of scattershot (5/9)
Scrolls
 M - 2 scrolls of magic mapping
 R - a scroll of identify
Potions
 i - a potion of haste
 m - 5 potions of curing
 n - a potion of flight {unknown}
 N - 3 potions of mutation {unknown}
 O - 2 potions of agility {unknown}
 T - a potion of might {unknown}
Books
 b - a book of Air

   Spells                             Type                      Level
   a - Shock                          Conjuration/Air              1
   b - Swiftness                      Charms/Air                   2
   c - Static Discharge               Conjuration/Air              3
   d - Airstrike                      Air                          4
   e - Lightning Bolt                 Conjuration/Air              5
Comestibles
 c - 3 bread rations
 h - 2 meat rations
 p - 4 royal jellies
 U - a chunk of flesh


   Skills:
 - Level 2.1 Dodging
 - Level 2.0 Stealth
 + Level 3.1 Spellcasting
 + Level 3.4 Conjurations
 + Level 5.5 Air Magic


You had 2 spell levels left.
You knew the following spells:

 Your Spells              Type           Power        Failure   Level  Hunger
a - Shock                 Conj/Air       ###.         3%          1    None
b - Static Discharge      Conj/Air       ###.....     12%         3    ###....
c - Airstrike             Air            ###.......   21%         4    ####...


Dungeon Overview and Level Annotations

Branches:
Dungeon (3/15)

Altars:
Xom


Innate Abilities, Weirdness & Mutations

You have a beak for a mouth.
You have claws for feet.
You can fly.


Message History

The worm is heavily wounded.
Casting: Static Discharge
Confirm with . or Enter, or press ? or * to list all spells.
The worm is struck by lightning.
The worm is almost dead.
The lightning arcs!
You are struck by lightning.
The lightning grounds out.
The worm bites you.
Casting: Static Discharge
Confirm with . or Enter, or press ? or * to list all spells.
The worm is struck by lightning.
The worm is almost dead.
The lightning arcs!
You are struck by lightning.
The lightning grounds out.
Unknown command.
Casting: Static Discharge
Confirm with . or Enter, or press ? or * to list all spells.
You don't know that spell.
The worm bites you!
* * * LOW HITPOINT WARNING * * *
The worm bites you!
You die...

#.....######...
#.#..........###
#.#............#
#.#.#)##..##
#####.....###.#
#.............#
#.##'#######..#
#.#.w......#..#
#.#@.......#.##
#.#........#.#
##.#.[..$...#.#
#..#........#.#######
#..#........#........
#..#........#..######
##..#........#.##
#...#######+##.#
#..............#


You could see a worm.

Vanquished Creatures
  Jessica (D:3)
  2 gnolls (D:2)
  3 adders
  A worm (D:3)
  A dart slug (D:1)
  3 leopard geckos (D:3)
  A ball python (D:3)
  4 bats (D:1)
  3 giant cockroaches
  8 hobgoblins
  5 quokkas
  2 frilled lizards
  5 goblins
  2 kobolds
  7 rats
48 creatures vanquished.

Notes
Turn   | Place    | Note
-------+----------+-------------------------------------------
     0 | D:1      | Gorglomux the Tengu Air Elementalist began the quest for the Orb.
     0 | D:1      | Reached XP level 1. HP: 10/10 MP: 4/4
   152 | D:1      | Reached XP level 2. HP: 6/15 MP: 0/6
  1062 | D:2      | Found a shimmering altar of Xom.
  1198 | D:2      | Reached XP level 3. HP: 10/19 MP: 3/7
  1514 | D:2      | Reached skill level 5 in Air Magic
  1519 | D:2      | Learned a level 3 spell: Static Discharge
  1848 | D:2      | Reached XP level 4. HP: 24/24 MP: 3/9
  1856 | D:2      | Learned a level 4 spell: Airstrike
  2438 | D:3      | Reached skill level 3 in Conjurations
  2551 | D:3      | Reached skill level 3 in Spellcasting
  2883 | D:3      | Noticed Jessica
  2890 | D:3      | Killed Jessica
  2890 | D:3      | Gained mutation: You can fly. [Tengu growth]
  2890 | D:3      | Reached XP level 5. HP: 12/28 MP: 3/10
  3108 | D:3      | Mangled by a worm

Vault maps used:
D:1:      sevenhm_arrival_forest_fort_small_5
D:2:      wad_woods_tower, first_bread, xom_teletrap_fun
D:3:      grunt_temple_overflow_magic_moments, minivault_25, uniq_jessica

Skill      XL: |  1  2  3  4 |
---------------+-------------+-----
Conjurations   | 2 3 |  3.4
Air Magic      | 5 |  5.5
Spellcasting   | 3 |  3.1
Dodging        | |  2.1
Stealth        | |  2.0

Action                   |  1- 3 |  4- 6 || total
-------------------------+-------+-------++-------
Melee: Unarmed           |     9 |       ||     9
       Peck              |     4 |     3 ||     7
       Kick              |     2 |     4 ||     6
       Whip              |    13 |    30 ||    43
 Cast: Shock             |    57 |    21 ||    78
       Static Discharge  |       |     6 ||     6
       Airstrike         |       |     1 ||     1
  Use: Scroll            |     7 |       ||     7
  Eat: Chunk             |     3 |     5 ||     8
Armor: Robe              |     5 |     5 ||    10
Dodge: Dodged            |    26 |    23 ||    49
